[Event "*** Titled Tuesday Blitz"]
[Site "Chess.com"]
[Date "2020.05.05"]
[Round "9"]
[White "wild_cat99"]
[Black "okriak"]
[Result "0-1"]
[WhiteElo "2571"]
[BlackElo "2802"]
[TimeControl "180+1"]
[EndTime "11:49:11 PDT"]
[Termination "okriak won by resignation"]

1. Nf3 d6 2. c4 e5 3. e4 Nc6 4. Nc3 f5 5. d4 Nf6 6. dxe5 Nxe4 7. exd6 Nxc3 8. bxc3 Qxd6 9. Qxd6 Bxd6 10. Bd3 O-O 11. O-O b6 12. a4 Na5 13. Nd4 c5 14.
Nb5 Be5 15. Re1 Bf6 16. Bf4 a6 17. Nc7 Ra7 18. Nd5 Bd8 19. Bd6 Bd7 20. Bxf8 Kxf8 21. Re5 g6 22. Rae1 Bxa4 23. Re6 Bc6 24. Nf6 Kg7 25.
Ne8+ Kh6 26. Bxf5 Bd7 27. Re7 Bxe7 28. Rxe7 Bxe8 29. Rxa7 gxf5 30. Rxa6 Nxc4 31. f4 Bc6 32. Kf2 Kg6 33. g3 Kf6 34. Ra7 h5 35. Rh7 Kg6 36.
Rc7 Be4 37. Rc8 Bd5 38. Rf8 Nd6 39. Rb8 Nc4 40. Ke2 Be4 41. Rg8+ Kh7 42. Rg5 Kh6 43. Rg8 b5 44. Rc8 h4 45. Rxc5 hxg3 46. hxg3 Na3 47. Ke3 Kh5 48. Kd4 Kg4 49. Rc8 Kxg3 50. Ke5 Kf3 51.
Rh8 Nc4+ 52. Kd4 Kxf4 53. Rh3 Kg4 54. Rh8 Na3 55. Ke3 Nc2+ 56. Kf2 f4 57. Rg8+ Kf5 58. Rf8+ Ke5 59. Re8+ Kd5 60. Rd8+ Kc4 61. Rb8 Na3 62. Re8 Bd5 63. Re5 Nb1 64. Rf5 f3 65. Rf4+ Kc5 66. c4 bxc4 0-1

[Event "*** Titled Tuesday Blitz"]
[Site "Chess.com"]
[Date "2020.05.05"]
[Round "9"]
[White "AnishGiri"]
[Black "VerdeNotte"]
[Result "1/2-1/2"]
[WhiteElo "3039"]
[BlackElo "2849"]
[TimeControl "180+1"]
[EndTime "11:49:12 PDT"]
[Termination "Game drawn by agreement"]

1. e4 e5 2. Nf3 Nc6 3. Bb5 a6 4.
Ba4 d6 5. O-O Bd7 6. c3 g6 7. d4 Bg7 8. h3 Nf6 9. Bc2 O-O 10. Be3 exd4 11. cxd4 Nb4 12. Nc3 Nxc2 13. Qxc2 Re8 14. e5 Bf5 15. Qb3 dxe5 16. dxe5 Nd7 17. Qxb7 Nxe5 18. Rfd1 Qb8 19. Qd5 c6 20. Qb3 Nxf3+ 21.
gxf3 Bxh3 22. Ne4 Be6 23. Qxb8 Rexb8 24. Rac1 Rxb2 25. Rxc6 Rxa2 26. Nc5 Bc4 27. Rc7 h5 28. Nd7 Be2 29. Rd6 Bxf3 30. Nf6+ Bxf6 31. Rxf6 Bd5 32. Rd6 Be6 33. Bd4 Rd2 34. Ra7 Rc8 35. Raxa6 h4 36.
Rac6 Rd1+ 37. Kh2 Re8 38. Rc3 Kh7 39. Re3 g5 40. Re5 Kg6 41. Rxg5+ Kxg5 42. Be3+ Kh5 43. Rxd1 Bg4 44. Rd5+ f5 45. Rd6 f4 46. Bxf4 Be6 47. Be3 Kg4 48. Rd4+ Kh5 49. Rd6 h3 50. f3 Kg6 51. Bf2 Kf7 52. Bg3 Rc8 53. Rd2 Rc3 54. Rf2 Rd3 55. Bf4 Bf5 56. Kg3 Kg6 57. Rb2 Rd1 58.
Rb6+ Kf7 59. Rb2 Rg1+ 60. Kh2 Rf1 61. Kg3 Ke6 62. Re2+ Kf7 63. Rd2 Be6 64. Rf2 Rg1+ 65. Kh2 Rg6 66. Bg3 Kf6 67. Re2 Kf7 68. Rd2 Rf6 69. Rd4 Rxf3 70. Rf4+ Rxf4 71. Bxf4 Kg6 1/2-1/2

[Event "*** Titled Tuesday Blitz"]
[Site "Chess.com"]
[Date "2020.05.05"]
[Round "9"]
[White "madalin18"]
[Black "Caisachess"]
[Result "1-0"]
[WhiteElo "2179"]
[BlackElo "2319"]
[TimeControl "180+1"]
[EndTime "11:49:12 PDT"]
[Termination "madalin18 won on time"]

1. e4 e5 2. Nf3 Nc6 3. d4 exd4 4. Nxd4 Bb4+ 5. c3 Bc5 6. Be3 Bb6 7. Bc4 Nf6 8. O-O O-O 9. Nd2 d5 10. exd5 Nxd4 11. Bxd4 Bxd4 12. cxd4 Nxd5 13. Qf3 Be6 14. Rac1 c6 15. Rfe1 Re8 16. Ne4 h6 17. Nc5 Qb6 18. Nxe6 fxe6 19. b3 Qxd4 20. Rcd1 Qf6 21. Qg4 Rad8 22. h3 b5 23. Bd3 Nf4 24. Be4 e5 25.
g3 Nd5 26. h4 Nc3 27. Rxd8 Rxd8 28. Bc2 b4 29. Qxb4 Nxa2 30. Qc4+ Kh8 31. Qe4 g6 32. Qxe5 Qxe5 33. Rxe5 Rd6 34. Ra5 Nb4 35. Be4 a6 36. Ra4 c5 37. Ra5 Kg7 38. Rxc5 Kf6 39. f3 Rd1+ 40. Kf2 Rd6 41. g4 Rb6 42. g5+ hxg5 43. hxg5+ Ke7 44. Ke3 Na2 45. Rc7+ Kd6 46. Rg7 Rxb3+ 47. Kf4 Kc5 48. Rxg6 a5 49. Rf6 Nc3 50.
g6 Ne2+ 51. Ke5 Rb8 52. g7 a4 53. Rf8 Rb4 54. g8=Q Nc3 55. Rc8+ Kb5 56. Qe8+ Ka5 57. Ra8+ Kb6 58. Qb8+ Kc5 59. Qc7+ Kb5 60. Rb8+ Ka6 61. Rxb4 Nb5 62. Qc6+ 1-0

[Event "*** Titled Tuesday Blitz"]
[Site "Chess.com"]
[Date "2020.05.05"]
[Round "9"]
[White "Filip_Covic"]
[Black "ilya261991"]
[Result "1/2-1/2"]
[WhiteElo "2367"]
[BlackElo "2508"]
[TimeControl "180+1"]
[EndTime "11:49:13 PDT"]
[Termination "Game drawn by agreement"]

1. d4 Nf6 2. c4 d6 3. Nc3 e5 4.
Nf3 Nbd7 5. g3 Be7 6. Bg2 O-O 7. O-O c6 8. e4 Qc7 9. Re1 h6 10. b3 Re8 11. Bb2 Nf8 12. Qd2 Ng6 13. Rad1 Be6 14. d5 Bd7 15. dxc6 bxc6 16. Ba3 c5 17. Nd5 Nxd5 18. Qxd5 Nf8 19. Bb2 Be6 20. Qd3 Qc8 21. Nd2 Ng6 22. Nb1 Rb8 23. Nc3 Nf8 24. Nd5 Bd8 25.
f4 f6 26. f5 Bf7 27. g4 Nd7 28. Nc3 Be7 29. Nb5 Rb6 30. Bc3 a6 31. Na3 Nb8 32. h4 Nc6 33. Nc2 Nd4 34. Ne3 a5 35. Rb1 Qa6 36. Bxd4 cxd4 37. Nd5 Rb7 38. Nxe7+ Rexe7 39. Qg3 a4 40. g5 fxg5 41. hxg5 hxg5 42. Qxg5 Rec7 43. f6 g6 44. Qh6 Be8 45. Bh3 Rh7 46. Be6+ Bf7 47. Qxg6+ Kh8 48. Bxf7 Rbxf7 49. Re2 Qc8 50.
Rh2 Qf8 51. Rxh7+ Rxh7 52. Kg2 axb3 53. axb3 Qf7 54. Qxf7 Rxf7 55. Rf1 Kh7 56. Kg3 Kg6 57.
Kg4 Rxf6 58. Rxf6+ Kxf6 59. Kf3 Ke6 60. Ke2 Kd7 61. b4 Kc6 62. Kd3 Kb6 63. Kc2 Kc6 64. Kb3 Kb6 65. Kc2 1/2-1/2

[Event "*** Titled Tuesday Blitz"]
[Site "Chess.com"]
[Date "2020.05.05"]
[Round "9"]
[White "LiderChessAcademy"]
[Black "ajdemipopushi"]
[Result "0-1"]
[WhiteElo "2439"]
[BlackElo "2306"]
[TimeControl "180+1"]
[EndTime "11:49:14 PDT"]
[Termination "ajdemipopushi won by resignation"]

1. d4 Nf6 2. Bg5 c5 3. Bxf6 gxf6 4. d5 Qb6 5. Qc1 f5 6. c4 Bg7 7. Nc3 d6 8. e3 e5 9. Nf3 e4 10. Nh4 Bf6 11. g3 Bxh4 12. gxh4 Nd7 13. Be2 Ne5 14.
Qc2 Qd8 15. h5 Rg8 16. O-O-O Qh4 17. Rhg1 Rxg1 18. Rxg1 Qxf2 19. Rg8+ Ke7 20. Nb5 Qxe3+ 21.
Kb1 f4 22. Nc7 f3 23. Bd1 Rb8 24. a3 Qd3 25. Kc1 Qxc4 26. Qxc4 Nxc4 27. b3 Ne3 28. Kd2 Nxd1 29. Kxd1 e3 30. Ke1 b5 31. Re8+ Kf6 32.
Rxe3 Bg4 33. Ne8+ Kg5 34. Nxd6 b4 35. a4 Bxh5 36. Kf2 Rd8 37. Ne4+ Kf4 38. d6 f5 39. Ng3 Rxd6 40. Nxh5+ Kg4 41. Rxf3 Kxh5 42. Rxf5+ Kg4 43. Rxc5 Rd3 44. Rc4+ Kf5 45. Rxb4 Rd2+ 46. Kg3 Rd3+ 47. Kh4 Rd2 48. h3 Kg6 49. Rb7 Rd4+ 50.
Kg3 Rd3+ 51. Kg4 h5+ 52. Kf4 Rxh3 53. b4 Rb3 54. b5 Rb4+ 55. Ke5 Rxa4 56. Kd6 h4 57.
Kc5 h3 58. Rb8 h2 59. Rh8 Ra2 60. Kc6 Kf5 61. Kc5 Kg4 62. Kb4 Kf3 63. Kb3 Rg2 64.
Kc3 Kf2 65. Kd2 Kg1+ 66. Ke1 h1=Q 67. Rxh1+ Kxh1 0-1

[Event "*** Titled Tuesday Blitz"]
[Site "Chess.com"]
[Date "2020.05.05"]
[Round "9"]
[White "Sam_ChessMood"]
[Black "GigaQuparadze"]
[Result "1/2-1/2"]
[WhiteElo "2894"]
[BlackElo "2853"]
[TimeControl "180+1"]
[EndTime "11:49:15 PDT"]
[Termination "Game drawn by repetition"]

1. e4 c5 2. Nf3 e6 3. g3 d5 4. exd5 exd5 5. d4 Nc6 6. Bg2 Be7 7. O-O Nf6 8. dxc5 Bxc5 9. a3 O-O 10. b4 Bb6 11. Nc3 Bg4 12. Na4 Ne5 13. Nxb6 Qxb6 14. Bb2 Nxf3+ 15. Bxf3 Bxf3 16. Qxf3 Rac8 17. Rad1 Rxc2 18.
Bxf6 Qxf6 19. Qxf6 gxf6 20. Rxd5 Ra2 21. Rd7 Rxa3 22.
Rxb7 Rb3 23. Ra1 f5 24. Raxa7 f4 25. gxf4 Rf3 26. Ra2 Rxf4 27. Rb2 Rf6 28. b5 Ra8 29. b6 Ra1+ 30. Kg2 Rg6+ 31. Kf3 Ra3+ 32. Ke4 Ra4+ 33.
Kd3 Rd6+ 34. Kc3 Rc6+ 35. Kb3 Ra6 36. Rb8+ Kg7 37. b7 Kf6 38. Rc8 Rcb6+ 39. Kc3 Rxb2 40.
Kxb2 Rb6+ 41. Kc3 Rxb7 42. Kd3 Re7 43. Rc5 Kg6 44. Ra5 f5 45. h4 Re4 46. f3 Rxh4 47.
Ke3 Rb4 48. Kf2 Kg5 49. Kg3 h5 50. Ra8 h4+ 51. Kh3 Kf4 52. Kxh4 Kxf3+ 53. Kh3 f4 54.
Kh2 Rb2+ 55. Kh3 Kf2 56. Kh2 f3 57. Ra1 Re2 58. Rb1 Re3 59. Ra1 Re1 60. Ra2+ Re2 61. Ra1 Ke3+ 62. Kg3 Rg2+ 63. Kh3 Rg6 64. Ra3+ Kf4 65.
Ra4+ Ke3 66. Ra3+ Ke2 67. Ra2+ Kd3 68. Ra3+ Ke4 69. Ra4+ Ke5 70. Ra5+ Kf4 71. Ra4+ Ke3 72. Ra3+ 1/2-1/2

[Event "*** Titled Tuesday Blitz"]
[Site "Chess.com"]
[Date "2020.05.05"]
[Round "9"]
[White "lucliasco"]
[Black "MPGM"]
[Result "1-0"]
[WhiteElo "2677"]
[BlackElo "2524"]
[TimeControl "180+1"]
[EndTime "11:49:15 PDT"]
[Termination "lucliasco won on time"]

1. d4 d5 2. c4 e6 3. Nf3 c6 4. e3 f5 5. Nc3 Nf6 6. Bd3 Bd6 7. O-O O-O 8. Ne5 Nbd7 9. f4 Ne4 10. Qf3 Ndf6 11. Ne2 Bd7 12. b3 Be8 13. Qh3 Bh5 14.
Ng3 Nxg3 15. Qxg3 Qe7 16. a4 a5 17. Qh4 Kh8 18. Bd2 Be8 19. Rf3 Ne4 20. Qxe7 Bxe7 21.
Bxe4 fxe4 22. Rff1 Bd6 23. Ng4 Bh5 24. Nf2 Be2 25.
Rfe1 Bh5 26. h3 Be8 27. c5 Bc7 28. Rab1 Bd7 29. Ng4 Kg8 30. b4 axb4 31. Rxb4 Ra7 32. Rb2 Rfa8 33. Reb1 Bc8 34. a5 Bxa5 35. Bxa5 Rxa5 36.
Ne5 Ra3 37. Kf2 Rc3 38. g4 Raa3 39. Re2 Ra4 40. Rbb2 Rca3 41. Re1 Kf8 42. h4 Ke7 43.
h5 h6 44. g5 hxg5 45. fxg5 Ra2 46. Ree2 Rxb2 47. Rxb2 Ra1 48. Kg2 Re1 49. Rf2 Rxe3 50. h6 gxh6 51. gxh6 Rf3 52. Nxf3 exf3+ 53. Rxf3 e5 54. h7 e4 55. Rf4 Be6 56. h8=Q Kd7 57. Qe5 b5 58. Rf6 Ke7 59. Qxe6+ 1-0

[Event "*** Titled Tuesday Blitz"]
[Site "Chess.com"]
[Date "2020.05.05"]
[Round "9"]
[White "Harsha_Bharathakoti"]
[Black "Guenplen"]
[Result "0-1"]
[WhiteElo "2822"]
[BlackElo "2946"]
[TimeControl "180+1"]
[EndTime "11:49:16 PDT"]
[Termination "Guenplen won on time"]

1. Nf3 d5 2. c4 e6 3. d4 Nf6 4.
Nc3 a6 5. cxd5 exd5 6. Qb3 Be7 7.
Bg5 c6 8. e3 O-O 9. Bd3 Nbd7 10. O-O a5 11. Qc2 Re8 12. Ne5 Nf8 13. f4 Ng4 14. Bxe7 Rxe7 15. Rae1 f6 16. Nxg4 Bxg4 17. f5 Bh5 18. Qf2 Bf7 19. Qg3 Qc7 20. Qxc7 Rxc7 21. Na4 Nd7 22. Kf2 Re8 23. Rc1 Rcc8 24. Rc3 Kf8 25.
Rfc1 Ra8 26. Rb3 Ra7 27. g4 h6 28. h3 Ke7 29. a3 Kd6 30. Nc5 Nxc5 31. Rxc5 Rh8 32.
Be2 h5 33. Kg2 g6 34. fxg6 Bxg6 35. Bf3 hxg4 36. hxg4 f5 37. gxf5 Bxf5 38. Rc1 a4 39.
Rbc3 Raa8 40. Rh1 Rxh1 41. Kxh1 Rg8 42. Kh2 b6 43. Rc1 Re8 44. Re1 c5 45. dxc5+ bxc5 46. Kg3 d4 47. Kf2 Rf8 48. Ke2 d3+ 49. Kd2 Be6 50.
Be4 c4 51. Kc3 Rf2 52. Rg1 Rc2+ 53. Kd4 Rxb2 54. Rg6 d2 55. Bf3 Rb3 56. Be2 Rxa3 0-1

[Event "*** Titled Tuesday Blitz"]
[Site "Chess.com"]
[Date "2020.05.05"]
[Round "9"]
[White "suneebaker"]
[Black "Justinz"]
[Result "1-0"]
[WhiteElo "2191"]
[BlackElo "2310"]
[TimeControl "180+1"]
[EndTime "11:49:17 PDT"]
[Termination "suneebaker won by resignation"]

1. d4 Nf6 2. Nf3 e6 3. g3 d5 4. Bg2 Be7 5. O-O O-O 6. c4 dxc4 7. Qc2 a6 8. Qxc4 b5 9. Qc2 Bb7 10. Bd2 Nc6 11. e3 Rc8 12. Ne5 Nxe5 13. Bxb7 Nc4 14.
Bxc8 Qxc8 15. b3 Nb6 16. Nc3 Qb7 17. Rac1 c5 18. dxc5 Bxc5 19. Ne2 Ba3 20. Qc6 Qb8 21.
Rcd1 Nfd5 22. Qc2 Rc8 23. Qe4 Nf6 24. Qf3 Nbd5 25. Nd4 h6 26. Bc1 Bf8 27. Bb2 b4 28. Rc1 Nc3 29. Bxc3 bxc3 30. Ne2 Qe5 31. Rc2 Ne4 32.
Rfc1 Ba3 33. Rd1 Ng5 34. Qb7 Rc7 35. Qb8+ Kh7 36. Rxc3 Nf3+ 37. Kg2 Rxc3 38. Qxe5 Nxe5 39. Nxc3 g5 40. f4 Ng4 41. Rd3 Bc1 42. Nd1 Kg6 43. h3 Nf6 44. Kf3 Nd5 45. e4 Nb4 46. Rd6 a5 47. a4 gxf4 48. gxf4 h5 49. Rb6 Nd3 50. Ne3 Ba3 51. Rb5 Bb4 52. Nc4 Ne1+ 53. Kg3 Nc2 54.
Ne5+ Kf6 55. Rb7 Be7 56. Nd7+ Kg7 57. Nb6 Bb4 58. Nc4 Nd4 59. f5 exf5 60. exf5 Nxb3 61. Kf4 Bc5 62. Ne5 Bd6 63. Rxb3 f6 64. Rb7+ Kh6 65. Ke4 Bxe5 66. Rb5 Kg5 67. Rxa5 Kh4 68. Rxe5 Kxh3 69. Re8 Kg4 70. Rg8+ 1-0

[Event "*** Titled Tuesday Blitz"]
[Site "Chess.com"]
[Date "2020.05.05"]
[Round "9"]
[White "korkmaz16"]
[Black "dianosky"]
[Result "1-0"]
[WhiteElo "2328"]
[BlackElo "2441"]
[TimeControl "180+1"]
[EndTime "11:49:20 PDT"]
[Termination "korkmaz16 won on time"]

1. e4 c5 2. Nf3 a6 3. d4 cxd4 4. Nxd4 Nf6 5. Nc3 e5 6. Nf3 Bb4 7. Bc4 Qc7 8. Qd3 b5 9. Bb3 Bb7 10. Bd2 d6 11. Nd5 Bxd2+ 12. Nxd2 Bxd5 13. Bxd5 Nc6 14. c3 O-O 15. O-O Nxd5 16. Qxd5 Ne7 17. Qd3 Rad8 18. Rad1 d5 19. Nb3 dxe4 20. Qxe4 f5 21. Qb4 Kf7 22. Qc5 Qxc5 23. Nxc5 a5 24. Nd7 e4 25.
Nxf8 Rxf8 26. f3 e3 27. Rfe1 f4 28. g3 g5 29. Kg2 Ke6 30. Rd4 Nc6 31. Re4+ Kd5 32.
Rd1+ Kc5 33. Rd7 h6 34. b3 Rf6 35. a3 b4 36. axb4+ axb4 37. c4 Rd6 38. Rxd6 Kxd6 39. gxf4 gxf4 40. Rxf4 Na5 41. Re4 Nxb3 42. Rxe3 Na5 43.
Kf2 Nxc4 44. Re4 Kd5 45. Ke2 b3 46. Kd3 Ne5+ 47. Kc3 Nxf3 48. Re8 Nxh2 49. Rh8 Ng4 50. Rg8 Ne5 51. Rh8 Nf7 52. Rh7 Ke6 53. Rg7 Kf6 54. Rg1 h5 55. Kxb3 h4 56. Kc3 h3 57. Kd3 Ng5 58.
Ke3 Kf5 59. Kf2 Kf4 60. Ra1 Ne4+ 61. Kg1 1-0

[Event "*** Titled Tuesday Blitz"]
[Site "Chess.com"]
[Date "2020.05.05"]
[Round "9"]
[White "EugeneRougon"]
[Black "Gurvich_Vitaly"]
[Result "0-1"]
[WhiteElo "2733"]
[BlackElo "2564"]
[TimeControl "180+1"]
[EndTime "11:49:22 PDT"]
[Termination "Gurvich_Vitaly won on time"]

1. e4 c5 2. Nf3 Nc6 3. Bb5 g6 4.
Bxc6 dxc6 5. d3 Bg7 6. h3 b6 7. Nc3 e5 8. O-O Ne7 9. Nh2 h6 10. Be3 g5 11. Ne2 Ng6 12. Ng3 Nf4 13. Nf5 Bxf5 14.
exf5 Qd5 15. Bxf4 exf4 16. Re1+ Kd7 17. Qh5 Qxf5 18. c3 Rae8 19. a4 a5 20. Nf1 Rxe1 21.
Rxe1 Re8 22. Rd1 Qg6 23. Qf3 Qe6 24. d4 cxd4 25. cxd4 Qe2 26. Qb3 Ke7 27. Rd2 Qa6 28.
Qa3+ Kd7 29. Qb3 Re7 30. d5 c5 31. d6 Re6 32. Qd5 Bd4 33. Qf5 Qc8 34. Qxf7+ Kxd6 35.
Qf5 Qe8 36. Qc2 Re1 37. Qd3 Kc7 38. Qa6 Qc6 39. Qc4 Qe6 40. Qa6 Qe8 41. Qc4 Kb7 42. Kh2 h5 43. Qb5 Qxb5 44. axb5 g4 45. hxg4 hxg4 46.
g3 f3 47. Rc2 a4 48. Rc4 Rxf1 49. b3 Rxf2+ 50. Kh1 a3 51. Ra4 a2 52. b4 Rb2 53.
bxc5 Rb1+ 54. Kh2 Bg1+ 55. Kh1 Bxc5+ 56. Kh2 Rb2+ 57. Kh1 Rxb5 58. Rxa2 Bd6 59. Kh2 Rc5 60. Rd2 Kc6 61. Ra2 b5 62. Ra6+ Kd5 63. Ra2 b4 64. Rb2 Kc6 65. Rd2 b3 0-1

[Event "*** Titled Tuesday Blitz"]
[Site "Chess.com"]
[Date "2020.05.05"]
[Round "9"]
[White "Pomegranate988"]
[Black "Vuk2000"]
[Result "0-1"]
[WhiteElo "2487"]
[BlackElo "2641"]
[TimeControl "180+1"]
[EndTime "11:49:23 PDT"]
[Termination "Vuk2000 won by resignation"]

1. d4 e6 2. c4 Nf6 3. g3 d5 4.
Nf3 Be7 5. Bg2 O-O 6. O-O dxc4 7.
Qc2 a6 8. Qxc4 b5 9. Qc2 Bb7 10. Bd2 Be4 11. Qc1 Qc8 12. b4 Nbd7 13. a3 Nb6 14.
Ne5 Bxg2 15. Kxg2 Bd6 16. Bg5 Bxe5 17. dxe5 Qb7+ 18. f3 Nfd7 19. Qc3 Nc4 20. Bf4 c5 21. Rd1 Rac8 22. Nd2 cxb4 23. Qxb4 Ndxe5 24. Ne4 Ng6 25. Nd6 Nxf4+ 26. gxf4 Nxd6 27. Qxd6 Rc4 28. Rd2 h6 29. Rad1 a5 30. Kh3 b4 31. axb4 Qxb4 32. Qxb4 axb4 33. Kg3 b3 34. Rb1 Rb8 35. Rdb2 Rc3 36. Kf2 Rb4 37. Ke1 Rxf4 38. Kd2 Rfc4 39. Rxb3 Rxb3 40. Rxb3 Rh4 41. Rb8+ Kh7 42. Rf8 Kg6 43. Ke3 Rxh2 44. f4 Rh5 45. Kf3 Ra5 46. e3 Kf6 47. Rg8 g5 48. Rh8 Kg7 49.
Rc8 Rd5 50. Rb8 Kg6 51. Rg8+ Kh7 52. Rf8 Kg7 53. Rb8 Rd6 54. Rc8 Ra6 55. Kg4 Ra4 56. Rb8 gxf4 57. exf4 h5+ 58. Kg5 Ra5+ 59. Kh4 Ra4 60.
Kg5 Ra5+ 61. Kh4 Rf5 62. Kg3 Kf6 63. Rh8 Rd5 64. Rh6+ Kg7 0-1

[Event "*** Titled Tuesday Blitz"]
[Site "Chess.com"]
[Date "2020.05.05"]
[Round "9"]
[White "vangulio"]
[Black "GMNeiksans"]
[Result "0-1"]
[WhiteElo "2541"]
[BlackElo "2760"]
[TimeControl "180+1"]
[EndTime "11:49:24 PDT"]
[Termination "GMNeiksans won by resignation"]

1. e4 c5 2. Nf3 Nc6 3. d4 cxd4 4. Nxd4 e6 5. Nc3 Qc7 6. Be3 a6 7. Qf3 Nf6 8. Qg3 Qxg3 9. hxg3 Ng4 10. Nxc6 Nxe3 11. Nd4 Ng4 12. Be2 Ne5 13. f4 Nc6 14. O-O-O d6 15. Na4 Bd7 16. Nb6 Rd8 17. Nxd7 Kxd7 18.
g4 Kc7 19. g5 g6 20. Nxc6 Kxc6 21. Rd3 h5 22. gxh6 Bxh6 23. Rf1 Bg7 24. Bf3 Kc7 25.
a4 Rh4 26. g3 Rh3 27. Bg2 Rh2 28. Bf3 Bf6 29. a5 Kb8 30. Rfd1 Kc7 31. Kb1 g5 32. Rb3 Rb8 33. Rbd3 gxf4 34. gxf4 Rf2 35. Bh5 Rxf4 36. Rxd6 Rd8 37. e5 Be7 38. Rxd8 Bxd8 39. Rg1 Kd7 40. Rg8 Ke7 41. c3 Rf5 42. Bg4 Rxe5 43.
Bf3 Rb5 44. b4 Bxa5 45. Kc2 Bd8 46. Rg7 a5 47. Be2 Re5 48. Bc4 axb4 49. cxb4 Re4 50. Kd3 Rf4 51. Rh7 Bb6 52. b5 Rf3+ 53. Ke2 Rf4 54.
Kd3 Bc5 55. Rh5 b6 56. Rh3 Rd4+ 57. Kc3 Re4 58. Rd3 Re3 59. Rxe3 Bxe3 60. Kd3 Bc5 61. Ke4 f5+ 62. Kf3 Kf6 63. Bb3 e5 64. Bc2 e4+ 65. Ke2 Ke5 66. Bb3 f4 67. Bf7 f3+ 68. Kf1 e3 69.
Bc4 Kd4 70. Bb3 e2+ 71. Kf2 Bb4 0-1

[Event "*** Titled Tuesday Blitz"]
[Site "Chess.com"]
[Date "2020.05.05"]
[Round "9"]
[White "profofchess"]
[Black "kasparicy"]
[Result "1/2-1/2"]
[WhiteElo "2442"]
[BlackElo "2314"]
[TimeControl "180+1"]
[EndTime "11:49:24 PDT"]
[Termination "Game drawn by repetition"]

1. e4 c5 2. Nf3 d6 3. c3 Nf6 4. Bc4 e6 5. Qe2 Be7 6. Bb3 O-O 7. O-O a6 8. d4 cxd4 9. cxd4 b5 10. Nc3 Bb7 11. a3 Nbd7 12. Bg5 Rc8 13. Rac1 h6 14. Bh4 Nb6 15. Bg3 d5 16. e5 Ne4 17.
Bf4 Nxc3 18. Rxc3 Rxc3 19. bxc3 Nc4 20. a4 Bc6 21. axb5 Bxb5 22. Ra1 Qc7 23. Qd1 Rc8 24. Qc1 Bf8 25. h4 Nb6 26. Bd2 Bd3 27. Ne1 Bg6 28. Rxa6 Nc4 29. Bf4 Na5 30. Ba2 Nc4 31.
Bb1 Qb7 32. Ra1 Rb8 33. Bxg6 fxg6 34. Nd3 Qf7 35. g3 Qf5 36. Rb1 Rc8 37. Ne1 Na3 38.
Ra1 Nb5 39. Bd2 Nxd4 40. Qb1 Nf3+ 41. Nxf3 Qxf3 42. Qxg6 Qf7 43. Qxf7+ Kxf7 44. Ra7+ Kg6 45. g4 h5 46. gxh5+ Kxh5 47. Kg2 Kxh4 48. Ra6 Re8 49.
Kf3 Kh5 50. Ke2 Kg6 51. f4 Kf5 52. Kd3 Be7 53. Ra7 g5 54. fxg5 Bxg5 55. Rf7+ Kg6 56. Rf3 Bxd2 57. Kxd2 Ra8 58. Kd3 Ra6 59. Rf6+ Kg5 60.
Kd4 Ra4+ 61. Kd3 Ra6 62. c4 Ra3+ 63. Kd4 Ra4 64. Rxe6 dxc4 65. Rf6 Rb4 66. Rf3 Ra4 67. e6 c3+ 68. Kd5 c2 69. Rc3 Kf6 70. Rxc2 Ra5+ 71. Kd6 Ra6+ 72. Kd7 Ra7+ 73. Kd6 Ra6+ 74. Kd5 Ra5+ 75.
Kd6 Ra6+ 1/2-1/2

[Event "*** Titled Tuesday Blitz"]
[Site "Chess.com"]
[Date "2020.05.05"]
[Round "9"]
[White "NemtsevIgor"]
[Black "levallem"]
[Result "1-0"]
[WhiteElo "2289"]
[BlackElo "2109"]
[TimeControl "180+1"]
[EndTime "11:49:24 PDT"]
[Termination "NemtsevIgor won by checkmate"]

1. d4 Nf6 2. Bf4 d6 3. e3 g6 4. Nf3 Bg7 5. Be2 O-O 6. O-O Nbd7 7. c4 Nh5 8. Bg5 h6 9. Bh4 f5 10. Nc3 g5 11. Nd2 Nhf6 12. Bg3 e5 13. dxe5 Nxe5 14.
Nf3 Ng6 15. Qc2 Be6 16. Nd4 Qd7 17. Nxe6 Qxe6 18. Nd5 Nxd5 19. cxd5 Qf7 20. Bh5 Rac8 21. f3 Kh7 22. e4 Qf6 23. exf5 Ne7 24. Rfe1 Nxf5 25.
Bf2 Qxb2 26. Qe4 Qe5 27. Qb4 Qxd5 28. Rad1 Qxa2 29. Qxb7 Kh8 30. Bg4 Qf7 31. Qxa7 h5 32.
Bh3 Nh4 33. Bxh4 gxh4 34. Qf2 Bf6 35. Re4 Rg8 36. Bxc8 Rxc8 37. Rde1 Rg8 38. Kh1 Qg6 39. g4 hxg3 40. hxg3 Qxg3 41. Qxg3 Rxg3 42. Rf1 h4 43. Re6 Kg7 44. Kh2 c5 45. Rxd6 Be5 46. Rd7+ Kf6 47.
f4 Bd4 48. Rd6+ Kf5 49. Rd5+ Kg4 50. f5 Re3 51. f6 Re2+ 52. Kh1 Re8 53. f7 Rf8 54. Rd7 Kg5 55. Kg2 Kg6 56. Kh3 Bf6 57.
Rc7 Rxf7 58. Rxc5 Kg7 59. Rcf5 Kg6 60. Kg4 Rf8 61. R1f3 Kg7 62. Kh5 Be7 63. Rxf8 Bxf8 64. Kxh4 Be7+ 65. Kh5 Bf6 66. Rd3 Kf7 67. Re3 Be7 68.
Re4 Bf6 69. Kg4 Be7 70. Kf5 Bf6 71. Ra4 Bd4 72. Rxd4 Ke7 73. Rd5 Ke8 74. Kf6 Kf8 75. Rd8# 1-0

[Event "*** Titled Tuesday Blitz"]
[Site "Chess.com"]
[Date "2020.05.05"]
[Round "9"]
[White "MarcoRiehle"]
[Black "woodhy"]
[Result "0-1"]
[WhiteElo "2599"]
[BlackElo "2446"]
[TimeControl "180+1"]
[EndTime "11:49:25 PDT"]
[Termination "woodhy won by resignation"]

1. e4 e6 2. c4 d5 3. cxd5 exd5 4. Qb3 Nf6 5. e5 Ne4 6. Nf3 Nc5 7. Qe3 Bg4 8. d4 Ne6 9. Nc3 Bxf3 10. gxf3 c5 11. Bb5+ Nc6 12. dxc5 Bxc5 13. Qd3 O-O 14. f4 Qh4 15. Bxc6 Qxf2+ 16. Kd1 bxc6 17. Qg3 Qxg3 18. hxg3 f6 19. exf6 Rxf6 20. Bd2 Bd4 21. Kc2 Nc5 22. g4 Bxc3 23. bxc3 Re8 24. Rhe1 Ne4 25. Rab1 Rf7 26. Be3 Rfe7 27. Bd4 Rf7 28. f5 Rc8 29. Rb2 Nd6 30. Re6 Nc4 31. Rb3 c5 32. Bg1 d4 33. Kd3 Ne5+ 34.
Rxe5 c4+ 35. Kxd4 cxb3 36. axb3 Rd7+ 37. Ke4 Rxc3 38. g5 Kf7 39. Ra5 Rxb3 40. Bxa7 Rb4+ 41. Ke3 Rb3+ 42. Ke4 Rbd3 43. Ra6 R3d6 44. Ra1 Rd1 45. Ra6 Re7+ 46. Kf4 Rdd7 47. Bc5 Re8 48. g6+ hxg6 49. fxg6+ Kg8 50. Ba3 Rb7 51. Bc5 Rc7 52. Bd4 Rec8 53. Rd6 Rc6 54. Rd7 Rxg6 55. Kf5 Rg2 56. Be5 Rf8+ 57.
Ke4 Re2+ 58. Kd4 Rf7 59. Rd8+ Kh7 60. Bd6 Rd2+ 61. Ke5 Rf6 62. Rd7 Rdxd6 63. Rxd6 Rxd6 64. Kxd6 Kg6 65. Ke5 Kg5 66. Ke4 Kg4 67. Ke3 Kg3 68.
Ke2 Kg2 69. Ke3 g5 70. Ke4 g4 71. Kf4 g3 0-1

[Event "*** Titled Tuesday Blitz"]
[Site "Chess.com"]
[Date "2020.05.05"]
[Round "9"]
[White "LamaChampetre"]
[Black "Saloni1299"]
[Result "1/2-1/2"]
[WhiteElo "2192"]
[BlackElo "2332"]
[TimeControl "180+1"]
[EndTime "11:49:25 PDT"]
[Termination "Game drawn - insufficient material"]

1. d4 Nf6 2. c4 g6 3. Nc3 d5 4. cxd5 Nxd5 5. e4 Nxc3 6. bxc3 Bg7 7. Nf3 c5 8. Be3 Qa5 9. Qd2 cxd4 10. cxd4 Qxd2+ 11. Nxd2 Nc6 12. Nb3 O-O 13. Rc1 e6 14. Be2 Bd7 15.
O-O Rfc8 16. Rfd1 Nb4 17. Nc5 Bc6 18. a3 Na6 19. Nxa6 bxa6 20. Bxa6 Ba4 21. Bxc8 Bxd1 22. Bxe6 fxe6 23. Rxd1 Rc8 24. d5 exd5 25. exd5 Rc3 26. d6 Bf6 27. Bxa7 Rxa3 28. Bb6 Rb3 29. Bc7 Rc3 30. g3 Kg7 31. Bb6 Rc6 32. Bc7 Be5 33.
f4 Bf6 34. Kg2 h5 35. Kf3 Rc3+ 36. Ke4 Rc2 37. d7 Rxc7 38. d8=Q Bxd8 39. Rxd8 Rc2 40.
h4 Rc3 41. Rd7+ Kh6 42. Rd6 Rxg3 43. f5 Rg4+ 44. Ke5 Kg7 45. f6+ Kh6 46. Rd7 Rg1 47.
Ke6 Re1+ 48. Kf7 g5 49. Re7 Rf1 50. hxg5+ Kxg5 51. Re6 h4 52. Kg7 h3 53. f7 Rxf7+ 54.
Kxf7 h2 55. Rg6+ Kf4 56. Rh6 Kg3 57. Kg6 Kg2 58. Rxh2+ Kxh2 1/2-1/2

[Event "*** Titled Tuesday Blitz"]
[Site "Chess.com"]
[Date "2020.05.05"]
[Round "9"]
[White "oneshot007"]
[Black "vovachesss"]
[Result "1/2-1/2"]
[WhiteElo "2408"]
[BlackElo "2552"]
[TimeControl "180+1"]
[EndTime "11:49:26 PDT"]
[Termination "Game drawn by repetition"]

1. e4 Nf6 2. e5 Nd5 3. c4 Nb6 4.
c5 Nd5 5. Nc3 e6 6. d4 Nxc3 7.
bxc3 d6 8. cxd6 cxd6 9. Nf3 Nc6 10. Bd3 dxe5 11. dxe5 Qa5 12. O-O Nxe5 13. Nxe5 Qxe5 14.
Re1 Qc7 15. Bb5+ Bd7 16. Bf4 Qc8 17. Bxd7+ Qxd7 18. Qh5 Be7 19. Rad1 Qc6 20. Bd6 g6 21. Qe5 Rg8 22. Bxe7 Kxe7 23. Rd4 Rad8 24. Qg5+ f6 25. Qh4 h5 26. Rc4 Qd6 27. Qe4 Kf7 28. Qxb7+ Rd7 29. Qf3 Rgd8 30. h3 Qd5 31. Qe2 e5 32. f4 Re7 33.
Re4 Rde8 34. f5 gxf5 35. Qxh5+ Ke6 36. Ra4 Rg8 37. Ra6+ Kd7 38. Qxf5+ Kc7 39. Qf2 Kb8 40. Rxf6 Reg7 41. Rf8+ Kb7 42. Rxg8 Rxg8 43. Rb1+ Ka8 44. Rf1 e4 45. Qf7 Qg5 46. Qf2 Qd5 47. Qe3 Qc6 48. Rf2 Qd5 49. Kh2 Qd6+ 50. Qf4 Qd5 51. Qf7 Qd8 52.
Rf4 Qg5 53. Rg4 Qe5+ 54. Kh1 Rxg4 55. hxg4 e3 56. Qg8+ Kb7 57. Qb3+ Kc7 58. Qd1 e2 59. Qe1 Qe3 60. Kh2 Qf4+ 61. Kg1 Qe3+ 62. Kh2 Qe5+ 63. Kg1 Qe3+ 64. Kh2 1/2-1/2